 Dungeon Crawl Stone Soup version 0.29.1-15-g9cfb28693d (webtiles) character file.

Game seed: 18128209971408378612

75 jtron the Sneak (level 4, -4/34 HPs)
             Began as a Demonspawn Brigand on Mar 23, 2023.
             Was a Follower of Kikubaaqudgha.
             Killed from afar by Sigmund (7 damage)
             ... with a puff of flame
             ... on level 2 of the Dungeon.
             The game lasted 00:04:46 (1605 turns).

jtron the Sneak (Demonspawn Brigand)                Turns: 1605, Time: 00:04:47

Health: -4/34      AC:  5    Str: 12    XL:     4   Next: 11%
Magic:  5/5        EV: 12    Int: 14    God:    Kikubaaqudgha [*.....]
Gold:   125        SH:  0    Dex: 14    Spells: 4/5 levels left

rFire   . . .      SeeInvis .   a - +2 dagger
rCold   . . .      Faith    .   (no shield)
rNeg    . . .      Spirit   .   l - +1 robe
rPois   .          Reflect  .   (no helmet)
rElec   .          Harm     .   c - +1 cloak
rCorr   .          Rampage  .   (no gloves)
Will    .....                   (no boots)
Stlth   +++.......              (no amulet)
HPRegen 0.11/turn               (no ring)
MPRegen 0.09/turn               (no ring)

@: flying
A: powered by death 1, weakness stinger 2
a: Renounce Religion, Unearth Wretches


You were on level 2 of the Dungeon.
You worshipped Kikubaaqudgha.
Kikubaaqudgha was aware of your devotion.
You visited 1 branch of the dungeon, and saw 2 of its levels.

You collected 125 gold pieces.

Inventory:

Hand Weapons
 a - a +2 dagger (weapon)
Missiles
 d - 9 poisoned darts (quivered)
 e - 3 curare-tipped darts
 i - 24 stones
Armour
 c - a +1 cloak (worn)
 l - a +1 robe (worn)
Scrolls
 b - a scroll of identify {unknown}
 f - a scroll of magic mapping {unknown}
 h - a scroll of blinking {unknown}
 j - a scroll of amnesia {unknown}
 m - a scroll of summoning {unknown}


   Skills:
 + Level 2.5 Fighting
 + Level 2.3 Short Blades
 + Level 1.7 Throwing
 + Level 1.4 Dodging
 - Level 4.0 Stealth
 * Level 1.0 Spellcasting
 * Level 1.5 Necromancy


You had 4 spell levels left.
You knew the following spells:

 Your Spells              Type           Power      Damage    Failure   Level
a - Necrotise             Necr           20%        1d5       14%         1

Your spell library contained the following spells:

 Spells                   Type           Power      Damage    Failure   Level
 Vampiric Draining        Necr           5%         2d6       38%         3
 Animate Dead             Necr           5%         N/A       80%         4
 Anguish                  Hex/Necr       1%         N/A       88%         4


Dungeon Overview and Level Annotations

Branches:
Dungeon (2/15)

Altars:
Kikubaaqudgha

Annotations:
D:2 Sigmund


Innate Abilities, Weirdness & Mutations

You regenerate a little health from kills.
You have a tail ending in a sharp stinger.


Message History

You see here a jackal corpse.
Sigmund the Dreaded comes into view.
He is wielding a +0 scythe and carrying a wand of flame (13).
Sigmund shouts!
Sigmund zaps a wand.
The puff of flame hits you!
You see here a jackal corpse.
You see here a +0 dagger.
You aren't carrying any items that you can evoke.
Unknown command.
As you read the scroll labelled MUWOETZ FIUDEA, it crumbles to dust.
It is a scroll of enchant armour.
Your +0 cloak glows green for a moment.
As you read the scroll of enchant armour, it crumbles to dust.
Your +0 robe glows green for a moment.
Sigmund casts a spell at you. The puff of flame hits you.
It was a potion of flight.
You feel very buoyant.
You fly up into the air.
Throw: 10 darts (poison)
Press: ? - help, Q - select action, (/) - cycle Shift-Dir - straight line, f - Sigmund
Aim: Sigmund, wielding a +0 scythe, wearing a +0 robe and carrying a wand of flame (12) (55% to hit)
You throw a poisoned dart. The poisoned dart hits Sigmund.
Sigmund is poisoned.
Sigmund casts a spell.
Sigmund flickers and vanishes!
Deactivating autopickup; reactivate with Ctrl-A.
You hear a zap.
A puff of flame appears from out of thin air!
The puff of flame hits you. Something hits you but does no damage.
You hit something. Something hits you!
* * * LOW HITPOINT WARNING * * *
You hit something. Something hits you!
* * * LOW HITPOINT WARNING * * *
You miss something. You hit something.
You hear a zap.
A puff of flame appears from out of thin air!
The puff of flame hits you!
You die...
Kikubaaqudgha rasps: "You have failed me!
Welcome... death!"

####......#......
##................
#.†.#.#.#.#.......
#.#...............
#)#.#.#.#.#.......
#.#...............
#.#.#.#.#.#...##.#
#{#...............
#@..#.#.#.#......#
#.#..............
#.#.#..........#..
#...#............#
#..##..[..<.......
#.....###.####...#
.......##..###.#..
.........##.##..#
#
.............##..#
#


There were no monsters in sight!

Vanquished Creatures
  Jessica (D:2)
  Natasha (D:2)
  A dart slug (D:2)
  4 endoplasms
  4 goblins
  2 hobgoblins (D:1)
  A jackal (D:2)
  A quokka (D:1)
  A ball python (D:1)
  2 bats
  2 kobolds (D:1)
  4 rats (D:1)
24 creatures vanquished.

Notes
Turn   | Place    | Note
-------+----------+-------------------------------------------
     0 | D:1      | jtron the Demonspawn Brigand began the quest for the Orb.
     0 | D:1      | Reached XP level 1. HP: 16/16 MP: 1/1
   304 | D:1      | Found a faded altar of an unknown god.
   312 | D:1      | Prayed at the altar of an unknown god.
   312 | D:1      | Became a worshipper of Kikubaaqudgha
   312 | D:1      | Reached * piety under Kikubaaqudgha
   312 | D:1      | Received a gift from Kikubaaqudgha
   634 | D:1      | Reached skill level 1 in Dodging
   688 | D:1      | Gained mutation: You regenerate a little health from kills.
                  | [demonic ancestry]
   688 | D:1      | Reached XP level 2. HP: 22/22 MP: 2/2
  1343 | D:2      | Noticed Jessica
  1367 | D:2      | Killed Jessica
  1368 | D:2      | Reached skill level 4 in Stealth
  1368 | D:2      | Gained mutation: You have a small tail. [demonic ancestry]
  1368 | D:2      | Reached XP level 3. HP: 28/28 MP: 2/4
  1450 | D:2      | Learned a level 1 spell: Necrotise
  1492 | D:2      | Noticed Natasha
  1499 | D:2      | Killed Natasha
  1500 | D:2      | Reached skill level 1 in Spellcasting
  1500 | D:2      | Reached skill level 1 in Necromancy
  1500 | D:2      | Gained mutation: You have a tail ending in a sharp stinger.
                  | [demonic ancestry]
  1500 | D:2      | Reached XP level 4. HP: 34/34 MP: 5/5
  1579 | D:2      | Noticed Sigmund
  1605 | D:2      | Killed from afar by Sigmund

Illustrated notes

Levels and vault maps discovered:
D:1:      evilmike_arrival_fibonacci_small, layout_basic,
          shapermc_ecumenical_altar_mp_ritualfount
D:2:      layout_rooms, serial_glass, glass_columns_a, glass_columns_c,
          glass_columns_b, glass_columns_a, glass_columns_c, glass_columns_b,
          minmay_quadrilaterals, uniq_natasha, uniq_sigmund, uniq_jessica

Skill      XL: |  1  2  3 |
---------------+----------+-----
Dodging        | 1 |  1.4
Short Blades   | 2 |  2.3
Stealth        | 4 |  4.0
Spellcasting   | 1 |  1.0
Necromancy     | 1 |  1.5
Fighting       | |  2.5
Throwing       | |  1.7

Action                   |  1- 3 |  4- 6 || total
-------------------------+-------+-------++-------
Melee: Dagger            |    63 |     9 ||    72
Throw: Dart              |     2 |     5 ||     7
 Cast: Necrotise         |       |     4 ||     4
  Use: Scroll            |       |     2 ||     2
       Potion            |       |     1 ||     1
 Stab: Sleeping          |     5 |       ||     5
Armor: Robe              |    16 |     5 ||    21
Dodge: Dodged            |    25 |    12 ||    37
